 Dungeon Crawl Stone Soup version 0.29-a0-271-gd4eb659eea (webtiles) character file.

Game seed: 10476166796517272045

104590 drugrobin the Severer (level 15, 0/136 HPs)
             Began as a Demigod Fighter on Mar 9, 2022.
             Slain by a pharaoh ant (26 damage)
             ... on level 4 of the Lair of Beasts.
             The game lasted 02:44:23 (52671 turns).

drugrobin the Severer (Demigod Fighter)            Turns: 52671, Time: 02:44:24

Health: 0/136      AC: 18    Str: 32    XL:     15   Next: 45%
Magic:  26/26      EV: 11    Int: 18    God:
Gold:   974        SH: 11    Dex: 13    Spells: 14/24 levels left

rFire   + . .      SeeInvis +   a - +10 morningstar "Eos" {elec, Halo rElec}
rCold   . . .      Faith    .   v - +0 buckler
rNeg    . . .      Spirit   .   C - +2 chain mail {rF+}
rPois   +          Reflect  +   l - +0 helmet {SInv}
rElec   +          Harm     .   Q - scarf {repulsion}
rCorr   .          Rampage  .   H - +0 pair of gloves {Str+3}
Will    ++...                   e - +0 pair of boots
Stlth   ..........              j - amulet of reflection
HPRegen 0.32/turn               T - ring of willpower
MPRegen 0.20/turn               P - ring of poison resistance

@: about to teleport, glowing, repel missiles
A: high MP 1, forlorn, divine attributes
a: no special abilities


You were on level 4 of the Lair of Beasts.
You visited 5 branches of the dungeon, and saw 25 of its levels.
You also visited: Sewer.

You collected 3224 gold pieces.
You spent 2250 gold pieces at shops.

Inventory:

Hand Weapons
 a - the +10 morningstar "Eos" (weapon) {elec, Halo rElec}
   (You found it on level 4 of the Lair of Beasts)

   It occasionally discharges a powerful burst of electricity upon striking a
   foe.
   It grants its wielder a halo, increasing accuracy against those within it.
   rElec:     It insulates you from electricity.
 b - a +7 hand crossbow of flaming
 c - a +2 trident of venom
 d - a +2 vorpal war axe
Missiles
 f - 6 javelins (quivered)
 x - 35 poisoned darts
 E - 6 curare-tipped darts
 I - 2 throwing nets
Armour
 e - a +0 pair of boots (worn)
 l - a +0 helmet of see invisible (worn)
 v - a +0 buckler (worn)
 C - a +2 chain mail of fire resistance (worn)
 H - a +0 pair of gloves of strength (worn)
 Q - a scarf of repulsion (worn)
Jewellery
 i - a ring of protection from cold
 j - an amulet of reflection (around neck)
 t - a ring of flight
 z - a ring of wizardry
 P - a ring of poison resistance (right hand)
 T - a ring of willpower (left hand)
 W - a ring of resist corrosion
Wands
 h - a wand of charming (2)
 F - a wand of iceblast (21)
 K - a wand of digging (7)
 L - a wand of polymorph (14)
 O - a wand of flame (19)
Scrolls
 g - 2 scrolls of fear
 m - 4 scrolls of fog
 n - 7 scrolls of teleportation
 q - 2 scrolls of blinking
 A - 3 scrolls of immolation
 D - 3 scrolls of magic mapping
 G - 4 scrolls of vulnerability
 J - 2 scrolls of silence
Potions
 k - a potion of curing
 r - 6 potions of haste
 s - 3 potions of lignification
 w - 6 potions of cancellation
 B - 2 potions of might
 M - 2 potions of heal wounds
 N - 6 potions of ambrosia
 S - 2 potions of resistance
Miscellaneous
 Z - a tin of tremorstones (2/2)


   Skills:
 + Level 13.3 Fighting
 * Level 15.0 Axes
 - Level 11.9 Armour
 - Level 5.0 Dodging
 - Level 2.0 Stealth
 + Level 10.4 Shields
 - Level 5.0 Spellcasting
 - Level 6.8 Evocations


You had 14 spell levels left.
You knew the following spells:

 Your Spells              Type           Power      Damage    Failure   Level
a - Summon Small Mammal   Summ           16%        N/A       47%         1
b - Call Canine Familiar  Summ           4%         N/A       85%         3
c - Swiftness             Air            4%         N/A       85%         3
d - Frozen Ramparts       Ice            8%         1d2       85%         3

Your spell library contained the following spells:

 Spells                   Type           Power      Damage    Failure   Level
 Freeze                   Ice            16%        1d4       47%         1
 Magic Dart               Conj           16%        1d3       47%         1
 Corpse Rot               Necr/Air       8%         N/A       63%         2
 Ensorcelled Hibernation  Hex/Ice        8%         N/A       63%         2
 Passwall                 Tmut/Erth      3%         N/A       63%         2
 Poisonous Vapours        Pois/Air       8%         N/A       63%         2
 Searing Ray              Conj           8%         2d4       63%         2
 Static Discharge         Conj/Air       4%         N/A       63%         2
 Portal Projectile        Hex/Tloc       8%         N/A       85%         3
 Summon Guardian Golem    Hex/Summ       4%         N/A       85%         3
 Fulminant Prism          Conj/Hex       2%         3d6       99%         4
 Hailstorm                Conj/Ice       4%         3d4       99%         4
 Summon Lightning Spire   Summ/Air       4%         N/A       99%         4
 Alistair's Intoxication  Tmut/Pois      2%         N/A       100%        5
 Blade Hands              Tmut           2%         N/A       100%        5
 Borgnjor's Vile Clutch   Necr/Erth      2%         N/A       100%        5
 Excruciating Wounds      Necr           2%         N/A       100%        5
 Lightning Bolt           Conj/Air       2%         1d13      100%        5
 Conjure Ball Lightning   Conj/Air       2%         3x3d6     100%        6
 Eringya's Noxious Bog    Tmut/Pois      2%         N/A       100%        6
 Starburst                Conj/Fire      2%         6d3       100%        6
 Storm Form               Tmut/Air       2%         N/A       100%        7
 Discord                  Hex            2%         N/A       100%        8
 Disjunction              Tloc           2%         N/A       100%        8
 Maxwell's Capacitive Co  Air            2%         ∞         100%        8


Dungeon Overview and Level Annotations

Branches:
Dungeon (15/15)            Temple (0/1) D:4            Lair (6/6) D:11
  Swamp (1/4) Lair:4       Spider (1/4) Lair:4        Slime (0/5) Lair:5
    Orc (2/2) D:12            Elf (0/3) Orc:2        Vaults (0/5) D:14
 Depths (0/4) D:15          Sewer (visited)

Shops:
D:4 [!(:[   D:6 [   D:9 *   Orc:2 *[:=

Annotations:
D:10 exclusion: orange crystal statue
D:11 Rupert
Lair:1 exclusion: 2 oklob plants
Lair:4 1 transporter, bearlyready's ghost, journeyman KoHu
Orc:2 1 exclusion


Innate Abilities, Weirdness & Mutations

You have an increased reservoir of magic. (+10% MP)
You shall have no god before yourself.
Your divine heritage dramatically boosts your attributes as you level up.


Message History

Unknown command.
Unknown command.
Unknown command.
You puncture the wolf spider!
The wolf spider is almost dead.
The jumping spider closely misses you. The jumping spider barely misses you.
You block the wolf spider's attack. The wolf spider barely misses you.
The wolf spider hits you! You block the wolf spider's attack.
The jumping spider pounces on you. The jumping spider bites you.
Unknown command.
Unknown command.
Unknown command.
Unknown command.
You puncture the wolf spider!
You kill the wolf spider!
The wolf spider hits you but does no damage.
You block the wolf spider's attack.
The jumping spider leaps! x2
Your Axes skill increases to level 15!
Unknown command.
Unknown command.
Unknown command.
Unknown command.
Unknown command.
You hit the tarantella.
The tarantella is lightly wounded.
The jumping spider leaps!
The wolf spider hits you!
* * * LOW HITPOINT WARNING * * *
The wolf spider misses you.
The tarantella touches you but does no damage.
The pharaoh ant bites you but does no damage.
Unknown command.
Unknown command.
Unknown command.
Unknown command.
As you read the scroll of teleportation, it crumbles to dust.
You feel strangely unstable. The wolf spider hits you!
* * * LOW HITPOINT WARNING * * *
The wolf spider bites you but does no damage.
The tarantella closely misses you. The pharaoh ant bites you!!
You die...

#......................[<......
###......#..#..#.####.P###....#..
.#....P######..##°###.## #######.
...<..#####P#..#..##.#.###..#####
....#####.P...^^#s^.#.###.^....#.
.....P##....#..#^^.##..###.......
..#...P.....^#.#^#.^^#...........
..##.......#.##Bs#.#^###....###..
#####....###^.ss@#^##.########...
.#.#....#####..####.#.P..##......
.......## #.#.^#.#^.^.......P...#
......## ##.#.^..##^#..........#.
#.#..## #..##..#.###.........###
......#####...^^.## ##.#.#......#
...#P#..#.#.##.### #########.....
...####...##########..##.####..>.
.#####....##.#...........#.##....


You could see a wolf spider, a pharaoh ant, a jumping spider and 2 tarantellas.

Vanquished Creatures
  Gastronok (D:10)
  A frost giant (D:15)
  A dire elephant (Lair:5)
  Harold (D:11)
  12 hydras
  2 ice dragons
  A vault guard (D:14)
  4 boulder beetles
  3 catoblepae
  4 two-headed ogres
  A death knight (D:14)
  8 centaur warriors
  5 death yaks
  4 tengu warriors
  Urug (Lair:6)
  An orc high priest (Orc:2)
  Nergalle (D:10)
  4 skeletal warriors
  A goliath frog (Swamp:1)
  3 bog bodies (Swamp:1)
  A spriggan druid (Swamp:1)
  4 lindwurms
  A phantasmal warrior (D:14)
  3 orc knights
  3 deep elf pyromancers
  An oklob plant (Lair:5)
  A manticore (shapeshifter) (D:13)
  An ugly thing (D:12)
  8 orc sorcerers
  A will-o-the-wisp (Swamp:1)
  6 cyclopes
  A wolf spider (Lair:4)
  9 elephants
  5 manticores
  Maurice (D:11)
  Joseph (D:8)
  10 black mambas
  4 gargoyles
  6 torpor snails (Lair:6)
  12 komodo dragons
  11 cane toads
  7 rime drakes
  A freezing wraith (D:15)
  A queen bee (Lair:2)
  4 trolls
  9 polar bears
  8 tyrant leeches
  8 blink frogs
  A dream sheep (Lair:4)
  7 hornets (Lair:6)
  3 spriggans
  12 slime creatures
  A jumping spider (Lair:4)
  A vampire (D:10)
  5 wraiths
  9 wyverns
  4 basilisks
  Grum (D:8)
  39 yaks
  9 vampire mosquitoes
  A steam dragon (Lair:4)
  Menkaure (D:7)
  8 wargs
  6 swamp worms (Swamp:1)
  An acid dragon (D:11)
  20 water moccasins
  Duvessa (D:6)
  18 orc warriors
  3 sky beasts
  12 black bears
  An ice beast (D:6)
  10 ogres
  24 wolves
  8 centaurs
  2 phantoms (D:5)
  4 kobold brigands
  19 bullfrogs
  A necrophage (D:7)
  5 scorpions
  A gnoll sergeant (D:7)
  Dowan (D:6)
  24 killer bees
  3 electric eels (Lair:5)
  2 howler monkeys
  3 jellies
  2 hounds (D:5)
  2 gnoll shamans
  25 orc priests
  40 orc wizards
  An iguana (D:5)
  15 gnolls
  8 adders
  2 shadow imps
  An ufetubus (D:5)
  A worm (D:2)
  2 dart slugs
  108 orcs
  5 ball pythons
  10 endoplasms
  5 giant cockroaches
  8 goblins
  9 hobgoblins
  9 jackals
  27 kobolds
  8 quokkas
  5 bats
  4 frilled lizards
  6 rats
761 creatures vanquished.

Vanquished Creatures (others)
  A troll (D:10)
  An orc wizard (Orc:2)
  A kobold (D:11)
  8 foxfires (Swamp:1)
  92 fungi
  163 plants
  13 toadstools (Lair:5)
279 creatures vanquished.

Grand Total: 1040 creatures vanquished

Notes
Turn   | Place    | Note
-------+----------+-------------------------------------------
     0 | D:1      | drugrobin the Demigod Fighter began the quest for the Orb.
     0 | D:1      | Reached XP level 1. HP: 18/18 MP: 3/3
    37 | D:1      | Reached skill level 2 in Axes
   204 | D:1      | Reached skill level 1 in Stealth
   220 | D:1      | Reached XP level 2. HP: 20/25 MP: 4/4
  1351 | D:2      | Reached XP level 3. HP: 29/30 MP: 5/5
  1502 | D:2      | Reached skill level 3 in Axes
  2720 | D:3      | Reached XP level 4. HP: 38/38 MP: 6/6
  2988 | D:4      | Found Heghehek's Book Shoppe.
  3114 | D:4      | Found Costezxa's Antique Armour Shop.
  3280 | D:4      | Found a glowing drain.
  3284 | Sewer    | Entered a sewer
  3347 | Sewer    | Noticed a water moccasin
  3358 | Sewer    | Killed a water moccasin
  3359 | Sewer    | Reached skill level 4 in Axes
  3359 | Sewer    | Reached XP level 5. HP: 46/46 MP: 7/7
  3419 | D:4      | Learned a level 1 spell: Summon Small Mammal
  3973 | D:3      | Reached XP level 6. HP: 47/52 MP: 8/8
  4193 | D:4      | Reached skill level 5 in Axes
  4393 | D:4      | Found a staircase to the Ecumenical Temple.
  4404 | D:4      | Found Sebb's Armour Shoppe.
  4449 | D:4      | Found Demiogh's Antique Weapon Boutique.
  4450 | D:4      | Identified the +1 ring mail of Lufan {Rampage Dex+2}
  4499 | D:4      | Found Ruvalerph's Distillery.
  4532 | D:4      | Bought a potion of lignification for 36 gold pieces
  4532 | D:4      | Bought a potion of mutation for 96 gold pieces
  4814 | D:4      | Bought a glowing mace for 114 gold pieces
  4845 | D:5      | Entered Level 5 of the Dungeon
  5455 | D:5      | Reached XP level 7. HP: 60/60 MP: 9/9
  5946 | D:5      | Reached skill level 6 in Axes
  6032 | D:5      | Reached skill level 5 in Fighting
  6049 | D:5      | Noticed a yak
  6084 | D:5      | Killed a yak
  6085 | D:5      | Reached XP level 8. HP: 68/68 MP: 10/10
  6414 | D:4      | Bought a glowing hand crossbow for 123 gold pieces
  6645 | D:6      | Noticed a troll
  7215 | D:6      | Found Olu Daeq's Antique Armour Shoppe.
  7372 | D:6      | Learned a level 3 spell: Call Canine Familiar
  7385 | D:6      | Noticed Duvessa
  7385 | D:6      | Noticed Dowan
  7399 | D:6      | Killed Duvessa
  7410 | D:6      | Killed Dowan
  8247 | D:7      | Reached skill level 5 in Shields
  8250 | D:7      | Reached skill level 7 in Axes
  8250 | D:7      | Reached skill level 5 in Armour
  8753 | D:7      | Noticed Menkaure
  8764 | D:7      | Killed Menkaure
  8765 | D:7      | Reached XP level 9. HP: 48/78 MP: 11/11
  9158 | D:7      | Noticed a gargoyle
  9169 | D:7      | Killed a gargoyle
  9884 | D:8      | Noticed Grum
 10719 | D:8      | Killed Grum
 10767 | D:8      | Reached skill level 8 in Axes
 11185 | D:8      | Noticed a two-headed ogre
 11771 | D:7      | Killed a two-headed ogre
 11772 | D:7      | Reached XP level 10. HP: 37/86 MP: 13/13
 12056 | D:8      | Noticed Joseph
 12089 | D:8      | Killed Joseph
 13181 | D:9      | Found Hode's General Store.
 13189 | D:9      | Bought a scroll of identify for 24 gold pieces
 13203 | D:9      | Noticed a two-headed ogre
 13224 | D:9      | Killed a two-headed ogre
 13568 | D:9      | Reached skill level 9 in Axes
 14375 | D:10     | Entered Level 10 of the Dungeon
 14408 | D:10     | Noticed an orange crystal statue
 15162 | D:11     | Noticed a manticore
 15426 | D:10     | HP: 3/135 [something (16)]
 15763 | D:10     | Noticed Nergalle
 15779 | D:10     | Killed Nergalle
 15986 | D:10     | Reached XP level 11. HP: 95/95 MP: 14/14
 16572 | D:11     | Noticed Gastronok
 16593 | D:10     | Killed Gastronok
 17001 | D:11     | Noticed Harold
 17018 | D:11     | Killed Harold
 17472 | D:11     | Found a staircase to the Lair.
 17713 | D:11     | Noticed Maurice
 17715 | D:11     | Noticed a boulder beetle
 17742 | D:11     | Killed a boulder beetle
 17743 | D:11     | Reached skill level 10 in Axes
 17758 | D:11     | Killed Maurice
 18597 | Lair:1   | Entered Level 1 of the Lair of Beasts
 19632 | Lair:1   | Reached XP level 12. HP: 79/106 MP: 15/15
 19971 | Lair:1   | Reached skill level 10 in Fighting
 20499 | Lair:2   | Noticed a five-headed hydra
 21918 | Lair:2   | HP: 5/160 [komodo dragon (22)]
 21923 | Lair:2   | Reached skill level 11 in Axes
 21923 | Lair:2   | Reached skill level 1 in Evocations
 22679 | Lair:2   | Noticed a boulder beetle
 22701 | Lair:2   | Killed a boulder beetle
 23115 | Lair:2   | Killed a five-headed hydra
 24949 | Lair:2   | Reached skill level 1 in Dodging
 25198 | Lair:3   | Noticed a seven-headed hydra
 26582 | Lair:3   | Killed a seven-headed hydra
 26583 | Lair:3   | Reached XP level 13. HP: 27/116 MP: 16/16
 27238 | Lair:4   | Noticed bearlyready's ghost (journeyman KoHu)
 27535 | Lair:4   | Found a transporter.
 27715 | Lair:4   | Found a transporter.
 28111 | Lair:4   | Found a hole to the Spider Nest.
 28568 | Lair:4   | Found a staircase to the Swamp.
 28641 | Lair:4   | Found the +10 morningstar "Eos" {elec, Halo rElec}
 29082 | Lair:5   | Found a staircase to the Slime Pits.
 29587 | Lair:5   | Reached skill level 12 in Axes
 29655 | Lair:5   | Reached skill level 5 in Evocations
 31042 | Lair:5   | Noticed a dire elephant
 31211 | Lair:5   | Found a runed translucent door.
 32314 | Lair:5   | Killed a dire elephant
 32603 | Lair:5   | Got the Papyrus of Fiery Lightness
 32866 | Lair:6   | Entered Level 6 of the Lair of Beasts
 33309 | Lair:6   | Reached skill level 5 in Dodging
 35004 | Lair:6   | Noticed Urug
 35169 | Lair:6   | Killed Urug
 35343 | Lair:6   | Learned a level 3 spell: Swiftness
 35593 | Lair:6   | Reached XP level 14. HP: 112/127 MP: 17/17
 35850 | Lair:6   | Reached skill level 10 in Armour
 36289 | Lair:6   | Found a runed translucent door.
 36356 | Lair:6   | Reached skill level 1 in Spellcasting
 36761 | Lair:6   | Reached skill level 13 in Axes
 39321 | D:6      | Bought smoking ice dragon scales for 1625 gold pieces
 39321 | D:6      | Identified the +0 ice dragon scales of Least Resistance
                  | {rF- rC++ rN+ rCorr} (You bought it in a shop on level 6 of
                  | the Dungeon)
 40033 | D:12     | Found a staircase to the Orcish Mines.
 40090 | Orc:1    | Entered Level 1 of the Orcish Mines
 40398 | D:12     | Noticed Rupert
 41430 | Orc:2    | Entered Level 2 of the Orcish Mines
 41921 | Orc:2    | Found a staircase to the Elven Halls.
 42670 | Orc:2    | Found Tusk's Book Emporium.
 42670 | Orc:2    | Found Ohitarph's Jewellery Shop.
 42923 | Orc:2    | Found Qawaetaj's General Store.
 42923 | Orc:2    | Found Ziptit's Antique Armour Shop.
 43170 | Orc:2    | Bought a glowing cloak for 232 gold pieces
 45929 | Swamp:1  | Entered Level 1 of the Swamp
 46517 | Swamp:1  | Reached skill level 5 in Spellcasting
 47529 | D:13     | Reached skill level 14 in Axes
 48307 | D:14     | Reached XP level 15. HP: 119/134 MP: 26/26
 48311 | D:14     | Learned a level 3 spell: Frozen Ramparts
 49190 | D:14     | Found a gate to the Vaults.
 49503 | D:15     | Entered Level 15 of the Dungeon
 49807 | D:15     | Reached skill level 10 in Shields
 52129 | D:15     | Found a staircase to the Depths.
 52624 | Spider:1 | Entered Level 1 of the Spider Nest
 52670 | Lair:4   | Reached skill level 15 in Axes
 52671 | Lair:4   | Slain by a pharaoh ant

Illustrated notes

Levels and vault maps discovered:
D:1:      heliophobic_arrival_ceremonial_halls, layout_loops_ring,
          hellmonk_ecumenical_altar_prayer_group, kennysheep_nondescript,
          corexii_leaking_fountain, minmay_misc_feat_roman,
          kennysheep_decorative_pillar
D:2:      cheibrodos_old_hovel, layout_basic, hangedman_decor_points,
          minmay_misc_feat_more_columns
D:3:      layout_loops_cross, nrook_uturn
D:4:      layout_layer_cave, minmay_temple_entry_glass, gup_sewer_entry_spiral,
          serial_shops, shop, nicolae_shop_temple_entry_statues_fountains,
          nicolae_shop_advertising_works [nicolae_subvault_shop_adworks],
          nicolae_shop_overgrown_old_shop, nicolae_shop_waterfront
D:5:      layout_basic, nzn_random_ring
D:6:      layout_loops_corners, serial_shops, nicolae_shop_trees, uniq_duvessa
D:7:      layout_basic, uniq_menkaure
D:8:      layout_cave_pools, uniq_joseph, uniq_grum
D:9:      minmay_evil_eye, layout_basic, zin_academy, serial_shops, shop,
          nicolae_figureground_sparkle
D:10:     layout_loops_cross, minivault_16, nrook_mini_vaults, uniq_nergalle
D:11:     layout_roguey, minmay_lair_entry_grove, nicolae_vehumet_radiance,
          uniq_harold, uniq_maurice, uniq_gastronok
D:12:     layout_cave_pods, orc_0_dummy, corexii_corridor_pit, uniq_rupert
D:13:     layout_roguey
D:14:     layout_cave_pools, david_vaults_5, serial_park_tiny_1
D:15:     grunt_enter_depths_snipers, layout_long_grid, cheibriados_altar_1,
          special_room [special_room_orc]
Lair:1:   minmay_lair_oklob_tunnel, layout_chaotic_city,
          grunt_forest_large_clearing_hut, grunt_megastairs_3
Lair:2:   beast_lair_carwin_large_4, layout_loops_ring, grunt_megastairs_5
Lair:3:   layout_gridlike, special_room [special_room_bee]
Lair:4:   layout_concentric_octagons, minmay_swamp_entry_worms,
          spider_nest_entry_rubble, nzn_ghost_randoct
Lair:5:   gammafunk_lair_enchanted_lake, layout_long_grid, slime_altar_1,
          serial_bayou, serial_bayou_pond_b, serial_bayou_shore_b,
          serial_bayou_lagoon_a, serial_bayou_shore_a, lemuel_oklob_altar
Lair:6:   hangedman_lair_in_review, layout_gridlike, wormcave, st_stairs_5,
          uniq_urug
Swamp:1:  layout_basic_swamp, serial_swamp_ruin, evilmike_swamp_ruin_house_6,
          evilmike_swamp_ruin_house_1, evilmike_swamp_ruin_house_3,
          infiniplex_staircase_pool
Spider:1: spiders_nest_scorpion_pit, portal_ice_cave_entry_frozen_things
Orc:1:    layout_diamond_mine
Orc:2:    st_orc_town, layout_caves, minmay_orc_temple_c

Skill      XL: |  1  2  3  4  5  6  7  8  9 10 11 12 13 14 15 |
---------------+----------------------------------------------+-----
Axes           | 2 3 4 5 6 7 8 9 10 11 12 14 15 | 15.0
Stealth        | 1 2 |  2.0
Fighting       | 3 4 5 6 7 8 9 11 12 13 | 13.3
Armour         | 3 4 5 6 7 9 11 | 11.9
Shields        | 3 4 5 6 7 9 10 | 10.4
Evocations     | 4 6 |  6.8
Dodging        | 2 5 |  5.0
Spellcasting   | 5 |  5.0

Action                   |  1- 3 |  4- 6 |  7- 9 | 10-12 | 13-15 || total
-------------------------+-------+-------+-------+-------+-------++-------
Melee: War axe           |   123 |    84 |    88 |   596 |   876 ||  1767
       Dagger            |    89 |    97 |       |       |       ||   186
       Mace              |       |    50 |   149 |    75 |       ||   274
       Unarmed           |       |       |    18 |       |       ||    18
       Whip              |       |       |    53 |       |       ||    53
       Spear             |       |       |    20 |    31 |       ||    51
       Trident           |       |       |       |   283 |   262 ||   545
       Morningstar       |       |       |       |       |   312 ||   312
 Fire: Hunting sling     |       |     9 |       |       |       ||     9
       Hand crossbow     |       |       |    95 |    65 |   105 ||   265
Throw: Stone             |     6 |     6 |       |       |       ||    12
       Dart              |       |    15 |     6 |    11 |    13 ||    45
       Throwing net      |       |     1 |       |     2 |     3 ||     6
       Boomerang         |       |       |       |    19 |     1 ||    20
       Javelin           |       |       |       |       |     5 ||     5
 Cast: Summon Small Mamm |       |     2 |     3 |       |     5 ||    10
       Frozen Ramparts   |       |       |       |       |     1 ||     1
Evoke: Wand              |       |       |     5 |    21 |    21 ||    47
  Use: Scroll            |     3 |       |     2 |    10 |    17 ||    32
       Potion            |       |     1 |     1 |     7 |     5 ||    14
 Stab: Held in net/web   |       |     1 |       |       |     1 ||     2
       Sleeping          |       |       |     1 |       |       ||     1
       Invisible         |       |       |       |       |     7 ||     7
Armor: Scale mail        |    79 |    51 |       |       |       ||   130
       Ring mail         |       |    17 |    35 |       |       ||    52
       Skin              |       |       |     9 |    15 |       ||    24
       Chain mail        |       |       |    88 |   592 |   610 ||  1290
Dodge: Dodged            |    73 |    60 |   115 |   372 |   576 ||  1196
       Repelled          |       |       |       |     4 |    11 ||    15
Block: Buckler           |    39 |   103 |   194 |   696 |   828 ||  1860
       Reflection        |       |     2 |     7 |    12 |    44 ||    65

Table legend: (Time is in decaauts)
 A = Elapsed time spent in this place.
 B = Non-inter-level travel time spent in this place.
 C = Inter-level travel time spent in this place.
 D = Time resting spent in this place.
 E = Time spent auto-exploring this place.
 F = Levels seen in this place.
 G = Mean time per level.
                   A        B        C        D        E       F      G
               +--------+--------+--------+--------+--------+-----+--------+
         Total |  52975 |  49720 |   3255 |  23148 |  12698 |  26 | 2037.5 |
       Dungeon |  26012 |  24207 |   1805 |   9264 |   8260 |  15 | 1734.1 |
          Lair |  21787 |  20496 |   1291 |  11688 |   3589 |   6 | 3631.2 |
         Swamp |   1397 |   1337 |     60 |    916 |     97 |   1 | 1397.0 |
   Spider Nest |      5 |      5 |      0 |      0 |      0 |   1 |    5.0 |
  Orcish Mines |   3643 |   3545 |     98 |   1279 |    709 |   2 | 1821.5 |
         Sewer |    130 |    130 |      0 |      0 |     43 |   1 |  130.0 |
               +--------+--------+--------+--------+--------+-----+--------+

Top non-repeatable levels by time:
  Lair:6: 5610 daAuts
  Lair:2: 3952 daAuts
  Lair:4: 3689 daAuts
  Lair:5: 3563 daAuts
     D:7: 3292 daAuts
  Lair:1: 2710 daAuts
   Orc:2: 2576 daAuts
    D:10: 2336 daAuts
  Lair:3: 2260 daAuts
    D:12: 2023 daAuts
    D:11: 2018 daAuts
    D:14: 1885 daAuts
     D:6: 1869 daAuts
    D:15: 1777 daAuts
     D:5: 1658 daAuts
